 Dungeon Crawl Stone Soup version 0.18-a0-731-ga019a5f (webtiles) character file.

466 JokEr the Skirmisher (level 7, -2/47 HPs)
             Began as a Gargoyle Fighter on Dec 9, 2015.
             Killed by divine providence
             ... invoked by an orc priest
              (14 damage)
             ... on level 4 of the Dungeon.
             The game lasted 00:04:46 (2982 turns).

JokEr the Skirmisher (Gargoyle Fighter)             Turns: 2982, Time: 00:04:47

Health: -2/47      AC: 12    Str: 26    XL:     7   Next: 8%
Magic:  7/7        EV:  7    Int:  9    God:
Gold:   200        SH:  9    Dex:  9    Spells: 0 memorised, 6 levels left

rFire  . . .     SeeInvis .     a - +0 flail
rCold  . . .     Clarity  +     b - +0 scale mail
rNeg   + . .     SustAt   .     c - +0 shield
rPois  ∞         Gourm    .     (no helmet)
rElec  +         Spirit   .     (no cloak)
rCorr  .         Dismiss  .     (no gloves)
rMut   .         Stasis   .     g - +0 pair of boots
MR     .....                    l - amulet of clarity
Stlth  ..........               (no ring)
                                (no ring)

@: mighty, not resistant to hostile enchantments, extremely unstealthy
A: negative energy resistance 1, electricity resistance, unbreathing,
petrification resistance, rot immunity, AC +4
a: no special abilities


You were on level 4 of the Dungeon.
You were not hungry.

You visited 1 branch of the dungeon, and saw 4 of its levels.

You collected 200 gold pieces.

Inventory:

Hand Weapons
 a - a +0 flail (weapon)
Armour
 b - a +0 scale mail (worn)
 c - a +0 shield (worn)
 g - a +0 pair of boots (worn)
Jewellery
 l - an amulet of clarity (around neck)
 m - a +2 ring of dexterity {unknown}
Scrolls
 e - 2 scrolls of teleportation {unknown}
 i - a scroll of immolation {unknown}
 k - a scroll of remove curse
 o - 3 scrolls of identify
 s - 3 scrolls of fog {unknown}
 u - a scroll of random uselessness {unknown}
Potions
 f - a potion of lignification {unknown}
 j - a potion of brilliance {unknown}
 n - 2 potions of curing {unknown}
 q - a potion of degeneration {unknown}
 r - a potion of magic {unknown}
 t - a potion of agility {unknown}
 v - a potion of ambrosia {unknown}
 w - a potion of heal wounds {unknown}
Comestibles
 h - 2 meat rations
 p - a beef jerky
 x - a slice of pizza


   Skills:
 + Level 6.4 Fighting
 + Level 5.4 Maces & Flails
 - Level 3.2 Armour
 - Level 3.2 Shields


You had 6 spell levels left.
You didn't know any spells.

Dungeon Overview and Level Annotations

Branches:
Dungeon (4/15)
 Temple: D:4-7

Altars:
Fedhas
Kikubaaqudgha
Nemelex Xobeh


Innate Abilities, Weirdness & Mutations

You are resistant to torment.
Your stone body is resilient (AC +4).
You are immune to poison.
You resist negative energy.
You are resistant to electric shocks.
You can survive without breathing.
You are immune to petrification.
You are immune to rotting.


Message History

A magic dart appears from out of thin air!
Deactivating autopickup; reactivate with Ctrl-A.
The magic dart hits you!
* * * LOW HITPOINT WARNING * * *
You closely miss the orc. You miss something.
Something hits you but does no damage.
You bludgeon something!!
Reactivating autopickup.
You feel a bit more experienced.
You sock the orc!
You kill the orc!
You block the giant gecko's attack.
You sock the giant gecko!
You kill the giant gecko!
The giant cockroach bites you but does no damage.
You hit the giant cockroach.
You kill the giant cockroach!
The orc priest calls down the wrath of Beogh upon you.
Something smites you!
You die...

#..)......#####.###...##.###
#.#.#.###.#####......## .#
..#.#..)........######
###.#####..#.##.# #
###.#####..#.##.# .#
...........>....# ..##.
##.....##..##...#######......
#.....##.......##(..........
#.....##.###...@oo........=%
#.....##. ##.###...>.......
#....... #.# ######...##.
######### #.# ..... #.#
...##. #(# .... .. ..#s ##


You could see an orc priest and an orc.

Vanquished Creatures
  The ghost of JokEr the Skirmisher, an amateur GrBe of Trog (D:3)
  2 scorpions (D:4)
  A hound (D:4)
  2 orc wizards (D:4)
  A centaur skeleton (D:4)
  A worker ant (D:3)
  4 adders (D:3)
  A worm (D:3)
  7 giant geckos
  5 orcs
  3 giant cockroaches
  8 hobgoblins
  14 jackals
  6 kobolds
  A quokka (D:2)
  5 bats
  6 giant newts
  6 goblins
  8 rats
82 creatures vanquished.

Notes
Turn   | Place    | Note
--------------------------------------------------------------
     0 | D:1      | JokEr the Gargoyle Fighter began the quest for the Orb.
     0 | D:1      | Reached XP level 1. HP: 14/14 MP: 1/1
    45 | D:1      | Reached XP level 2. HP: 16/19 MP: 2/2
   649 | D:1      | Reached XP level 3. HP: 24/24 MP: 3/3
   842 | D:2      | Reached skill level 4 in Fighting
  1668 | D:3      | Reached XP level 4. HP: 29/29 MP: 4/4
  1697 | D:3      | Noticed JokEr's ghost (amateur GrBe)
  1709 | D:3      | Killed JokEr's ghost
  1709 | D:3      | Reached skill level 5 in Fighting
  1709 | D:3      | Reached XP level 5. HP: 10/35 MP: 5/5
  2357 | D:3      | Reached XP level 6. HP: 40/40 MP: 6/6
  2408 | D:3      | Found a sparkling altar of Nemelex Xobeh.
  2459 | D:3      | Found an ancient bone altar of Kikubaaqudgha.
  2460 | D:3      | Found a blossoming altar of Fedhas.
  2737 | D:4      | Reached skill level 5 in Maces & Flails
  2820 | D:4      | Reached skill level 6 in Fighting
  2976 | D:4      | Reached XP level 7. HP: 12/47 MP: 7/7
  2982 | D:4      | Killed from afar by an orc priest

Vault maps used:
D:1:      saegor_arrival_simple_e
D:3:      grunt_temple_overflow_growth_and_decay, lemuel_doored_altar,
          serial_glass, glass_columns_a, glass_columns_a, glass_columns_a,
          glass_columns_a, glass_columns_b, glass_columns_a, glass_columns_a,
          glass_columns_b, glass_columns_a, glass_columns_c
D:4:      minmay_temple_entry_glass, serial_shops,
          nicolae_shop_competitors_out_of_business, portal_sewer_entry_d

Action                   |  1- 3 |  4- 6 |  7- 9 || total
-------------------------+-------+-------+-------++-------
Melee: Flail             |   179 |   143 |     6 ||   328
  Use: Scroll            |     5 |       |       ||     5
       Potion            |       |     1 |       ||     1
  Eat: Bread ration      |     1 |       |       ||     1
       Meat ration       |       |     1 |       ||     1
